[Event "Titled Tuesday Blitz July 13 2021"]
[White "Csonka, Balazs"]
[Black "Zhigalko, Sergei"]
[WhiteFideId "742910"]
[BlackFideId "13502956"]
[WhiteElo "2404"]
[BlackElo "2662"]
[Result "0-1"]
[Round "03"]
[TimeControl "180+1"]
[Date "2021.07.13"]
[WhiteClock "0:00:04"]
[BlackClock "0:00:05"]

1. d4 Nf6 2. Nf3 e6 3. Bf4 d5 4. e3 Bd6 5. Nbd2 O-O 6. Bd3 b6 7. Qe2 c5 8. c3 Nc6 9. Bg3 Bb7 10. Rd1 h6 11. Ne5 Qc7 12. f4 Ne7 13. Qf3 Nf5 14. Bf2 Be7 15. g4 Nd6 16. h4 Nfe4 17. g5 f6 18. Ng6 fxg5 19. hxg5 Bxg5 20. Nxf8 Rxf8 21. Bxe4 dxe4 22. Qg4 Bf6 23. Qxe6+ Kh8 24. dxc5 bxc5 25. Nb3 Nf5 26. Rh5 Bc8 27. Qxe4 Qf7 28. Rh2 Bb7 29. Qa4 Qg6 30. Nxc5 Bf3 31. Nd7 Qe8 32. Rd2 Nxe3 33. Bxe3 Qxe3+ 34. Rde2 Bxe2 35. Rxe2 Qc1+ 36. Kf2 Bh4+ 37. Kf3 Qf1+ 38. Kg4 Qxe2+ 39. Kxh4 Qe7+ 40. Kg4 Qe6+ 41. Kg3 Qe3+ 42. Kg4 Qe2+ 43. Kg3 Qe1+ 44. Kg4 Qg1+ 45. Kf3 Qf1+ 46. Kg3 Rd8 47. Ne5 Qg1+ 48. Kf3 Qd1+ 49. Kg3 Qxa4 0-1


[Site "https://www.chess.com"]

[Event "Titled Tuesday Blitz July 13 2021"]
[White "Darini, Pouria"]
[Black "Pelopidass"]
[WhiteFideId "12502200"]
[WhiteElo "2489"]
[BlackElo "2552"]
[Result "1-0"]
[Round "03"]
[TimeControl "180+1"]
[Date "2021.07.13"]
[WhiteClock "0:00:16"]
[BlackClock "0:00:14"]

1. e4 c5 2. Nf3 d6 3. d4 cxd4 4. Nxd4 Nf6 5. Nc3 a6 6. h3 e5 7. Nde2 h5 8. g3 Be6 9. Bg2 Be7 10. a4 Nbd7 11. b3 Rc8 12. f4 exf4 13. gxf4 g6 14. Be3 Qa5 15. Qd2 h4 16. O-O Rh5 17. Rad1 Nc5 18. Kh2 Bd7 19. Nd5 Qxd2 20. Nxf6+ Bxf6 21. Rxd2 Be7 22. Bf3 Rh7 23. Rfd1 Bc6 24. Nc3 f5 25. Bxc5 dxc5 26. Re2 Rd8 27. Rxd8+ Kxd8 28. Kg2 Rg7 29. Rd2+ Kc7 30. e5 g5 31. Bxc6 gxf4+ 32. Kf2 Kxc6 33. Nd5 Bd8 34. Nxf4 Bg5 35. Rd6+ Kc7 36. Ne6+ Kc8 37. Nxg7 1-0


[Site "https://www.chess.com"]

[Event "Titled Tuesday Blitz July 13 2021"]
[White "David, Alexandru-Vasile"]
[Black "Shevelev, Dmitri"]
[WhiteFideId "1223453"]
[BlackFideId "2802627"]
[WhiteElo "2393"]
[BlackElo "2262"]
[Result "1-0"]
[Round "03"]
[TimeControl "180+1"]
[Date "2021.07.13"]
[WhiteClock "0:01:12"]
[BlackClock "0:00:06"]

1. d4 Nf6 2. c4 c5 3. d5 b5 4. Qc2 d6 5. e4 g6 6. cxb5 Bg7 7. Nc3 O-O 8. Nf3 a6 9. a4 Qa5 10. Ra3 Bd7 11. Bd2 Qc7 12. Be2 e6 13. O-O exd5 14. exd5 Re8 15. h3 Bf5 16. Bd3 Bxd3 17. Qxd3 Nbd7 18. Bf4 Nh5 19. Bh2 Ne5 20. Nxe5 Bxe5 21. Bxe5 Rxe5 22. bxa6 Qa5 23. Rb3 Qxa6 24. Rb5 Qc8 25. a5 Qd8 26. Ra1 Nf4 27. Qf3 Qg5 28. a6 Kg7 29. Rb7 Nxd5 30. Qxf7+ 1-0


[Site "https://www.chess.com"]

[Event "Titled Tuesday Blitz July 13 2021"]
[White "De Silva, L M S T"]
[Black "Shevchenko, Kirill"]
[WhiteFideId "9953698"]
[BlackFideId "14129574"]
[WhiteElo "1621"]
[BlackElo "2569"]
[Result "0-1"]
[Round "03"]
[TimeControl "180+1"]
[Date "2021.07.13"]
[WhiteClock "0:00:04"]
[BlackClock "0:00:04"]

1. e4 e5 2. Nf3 Nc6 3. Bc4 Bc5 4. O-O Nf6 5. d3 d6 6. h3 h6 7. c3 a6 8. Re1 g5 9. d4 Ba7 10. dxe5 g4 11. exf6 gxf3 12. e5 Nxe5 13. Qxf3 Be6 14. Rxe5 dxe5 15. Bxe6 fxe6 16. Qh5+ Kd7 17. Qxe5 Rf8 18. Bf4 Qxf6 19. Qxc7+ Ke8 20. g3 Rf7 21. Qc4 e5 22. Qe4 Rd8 23. Na3 Bxf2+ 24. Kxf2 Kf8 25. Rf1 exf4 26. Kg1 Qb6+ 27. Kh1 f3 28. Nc4 Qc6 29. Qh4 f2+ 30. Kh2 Re8 31. Qd4 Qf6 32. Qc5+ Kg7 33. Ne3 Re5 34. Qd4 Re6 35. Qxf6+ Rfxf6 36. Ng4 Rf8 37. Kg2 Re2 38. Nxf2 Rxb2 39. g4 Rxa2 40. Kg3 Rc2 41. Ne4 Rxf1 0-1


[Site "https://www.chess.com"]

[Event "Titled Tuesday Blitz July 13 2021"]
[White "Djordjevic, Vuk"]
[Black "Terry, Renato"]
[WhiteFideId "902098"]
[BlackFideId "3803457"]
[WhiteElo "2463"]
[BlackElo "2581"]
[Result "0-1"]
[Round "03"]
[TimeControl "180+1"]
[Date "2021.07.13"]
[WhiteClock "0:00:44"]
[BlackClock "0:01:01"]

1. d4 e6 2. Bf4 Nf6 3. e3 b6 4. Nf3 Bb7 5. c4 Bd6 6. Bg3 O-O 7. Nc3 Bxg3 8. hxg3 h6 9. Bd3 d6 10. Bc2 Qe7 11. Qd3 e5 12. d5 Nbd7 13. Nh4 Nc5 14. Qe2 Bc8 15. b4 Nb7 16. a3 a5 17. Kd2 Bd7 18. Bf5 e4 19. g4 g6 20. Bxg6 fxg6 21. Nxg6 Qg7 22. Nxf8 Rxf8 23. f3 Nd8 24. Rh4 Nf7 25. Rah1 axb4 26. axb4 Ra8 27. Kc2 Ra3 28. Qd2 Nxd5 29. cxd5 Ba4+ 30. Kb2 Rb3+ 31. Ka2 Rxc3 32. Rc1 Bb3+ 33. Ka3 Rd3 0-1


[Site "https://www.chess.com"]

[Event "Titled Tuesday Blitz July 13 2021"]
[White "Gabrielian, Artur"]
[Black "Hansen, Sune Berg"]
[WhiteFideId "4131002"]
[BlackFideId "1400266"]
[WhiteElo "2523"]
[BlackElo "2599"]
[Result "0-1"]
[Round "03"]
[TimeControl "180+1"]
[Date "2021.07.13"]
[WhiteClock "0:00:04"]
[BlackClock "0:00:20"]

1. e4 e5 2. Nc3 Nf6 3. g3 d5 4. exd5 Nxd5 5. Bg2 Nxc3 6. bxc3 Bc5 7. Nf3 Nc6 8. O-O O-O 9. Re1 Qf6 10. d3 h6 11. Be3 Bb6 12. Nd2 Qg6 13. Rb1 Bg4 14. Qc1 Rab8 15. Nc4 Bxe3 16. Qxe3 Rfe8 17. Bxc6 Qxc6 18. Nxe5 Qxc3 19. Qf4 Be6 20. Re2 Bxa2 21. Rbe1 Bd5 22. h4 f6 23. Nf3 Qc6 24. Nd4 Qd7 25. Nf5 Rxe2 26. Rxe2 Re8 27. Rxe8+ Qxe8 28. Kf1 Qd7 29. h5 Be6 30. Nd4 Bf7 31. g4 a5 32. Nf5 Be6 33. Ne3 a4 34. Qb4 b5 35. Ke2 c6 36. Kd2 Kf7 37. f4 Qe7 38. Qc3 Qd6 39. f5 Bd5 40. Qa5 Qh2+ 41. Kc3 Qe5+ 42. Kd2 Kg8 43. Qa8+ Kh7 44. Qa7 Qh2+ 45. Kc3 Qe5+ 46. Kd2 Qf4 47. Qe7 b4 48. Kc1 a3 49. Kb1 a2+ 50. Kb2 Qd4+ 51. Kc1 a1=Q+ 0-1


[Site "https://www.chess.com"]

[Event "Titled Tuesday Blitz July 13 2021"]
[White "Gallegos Diaz, Carlos Alberto"]
[Black "Starozhilov, Leonid"]
[WhiteFideId "3900886"]
[BlackFideId "14106752"]
[WhiteElo "2362"]
[BlackElo "2414"]
[Result "0-1"]
[Round "03"]
[TimeControl "180+1"]
[Date "2021.07.13"]
[WhiteClock "0:00:05"]
[BlackClock "0:01:17"]

1. e4 c5 2. Nf3 e6 3. b3 Nc6 4. Bb2 Nge7 5. Bb5 Ng6 6. O-O Qc7 7. Re1 a6 8. Bxc6 bxc6 9. e5 Be7 10. Nc3 f6 11. Na4 O-O 12. exf6 gxf6 13. d4 cxd4 14. Qxd4 e5 15. Qd2 d5 16. Qh6 Rf7 17. Nh4 Bf8 18. Qh5 Nf4 19. Qf3 Rg7 20. Kh1 Bg4 21. Qe3 d4 22. Qe4 Be6 23. Nf5 Bd5 24. Nh6+ Kh8 0-1


[Site "https://www.chess.com"]

[Event "Titled Tuesday Blitz July 13 2021"]
[White "Gelman, Alexander"]
[Black "Omariev, Maksim"]
[WhiteFideId "4118316"]
[BlackFideId "4193423"]
[WhiteElo "2375"]
[BlackElo "2380"]
[Result "1/2-1/2"]
[Round "03"]
[TimeControl "180+1"]
[Date "2021.07.13"]
[WhiteClock "0:00:13"]
[BlackClock "0:00:04"]

1. d4 d5 2. Nc3 Nf6 3. Bf4 Bf5 4. f3 e6 5. g4 Bg6 6. h4 h5 7. g5 Nfd7 8. e4 Nb6 9. Bd3 Nc6 10. Nge2 Nb4 11. Qd2 Nxd3+ 12. cxd3 c5 13. Nb5 Rc8 14. Nxa7 Ra8 15. Nb5 Rc8 16. Rc1 Be7 17. dxc5 Rxc5 18. Nc7+ Kf8 19. O-O Kg8 20. Rxc5 Bxc5+ 21. Kg2 Kh7 22. Rc1 Be7 23. Qa5 Nc8 24. Qb5 dxe4 25. dxe4 Nd6 26. Qb6 Nxe4 27. fxe4 Bxe4+ 28. Kf2 Bc6 29. Rxc6 bxc6 30. Qxc6 Qd3 31. Qc3 Qd7 32. Qc2+ g6 33. Be5 Rc8 34. Qe4 Bd6 35. Bxd6 Qxd6 36. Nb5 Qb6+ 37. Nbd4 e5 38. Qxe5 Qd8 39. Qf6 Qd7 40. Kg2 Re8 41. Nf4 Qe7 42. Qxe7 Rxe7 43. Kf3 Kg7 44. b4 Rb7 45. b5 Ra7 46. Nd5 Rxa2 47. b6 Rb2 48. Ke4 Kf8 49. Kd3 Ke8 50. Kc4 Kd7 51. Nb5 Rc2+ 52. Kb4 Rb2+ 53. Kc5 Rc2+ 54. Kd4 Rb2 55. Ndc3 Kc6 56. Ke5 Rf2 57. b7 Kxb7 58. Ne4 Rf5+ 59. Kd6 Rxb5 60. Ke7 Rf5 61. Nd6+ Kc6 62. Nxf5 gxf5 63. Kxf7 f4 64. g6 f3 65. g7 f2 66. g8=Q f1=Q+ 67. Kg6 Qg2+ 68. Kh7 Qe4+ 69. Qg6+ Kd5 70. Kh6 Qxg6+ 71. Kxg6 Ke5 72. Kxh5 Kf5 73. Kh6 Kf6 74. Kh7 Kf7 75. h5 Kf8 76. h6 Kf7 77. Kh8 Kf8 78. h7 Kf7 1/2-1/2


[Site "https://www.chess.com"]

[Event "Titled Tuesday Blitz July 13 2021"]
[White "Ghazarian, Kirk"]
[Black "Maksimovic, Bojan"]
[WhiteFideId "30908604"]
[BlackFideId "14408120"]
[WhiteElo "2003"]
[BlackElo "2439"]
[Result "0-1"]
[Round "03"]
[TimeControl "180+1"]
[Date "2021.07.13"]
[WhiteClock "0:00:02"]
[BlackClock "0:00:06"]

1. e4 c5 2. Nf3 Nc6 3. d4 cxd4 4. Nxd4 Nf6 5. Nc3 e5 6. Nb3 Bb4 7. Bd3 d5 8. exd5 Nxd5 9. Bd2 Nxc3 10. bxc3 Be7 11. O-O O-O 12. Re1 Qc7 13. c4 Be6 14. Bc3 Rad8 15. Qh5 g6 16. Qh6 Bf6 17. Nd2 Bg7 18. Qh4 Nd4 19. Bb4 Rfe8 20. Ne4 Bxc4 21. Bd6 Qc6 22. Bxc4 Qxc4 23. Nf6+ Bxf6 24. Qxf6 Qe6 25. Bxe5 Qxf6 26. Bxf6 Nxc2 27. Bxd8 Nxe1 28. Ba5 Nd3 29. Rd1 Nc5 30. g4 b5 31. Bc3 Ne6 32. Rd5 Rc8 33. Bf6 a6 34. Rd6 Ra8 35. Rd7 Kf8 36. Kg2 Ke8 37. Re7+ Kf8 38. Rb7 Ke8 39. Kg3 Nc5 40. Re7+ Kf8 41. Rc7 Ne4+ 42. Kf4 Nxf6 43. Kg5 Ne4+ 44. Kh6 Kg8 45. f4 Rd8 46. h3 Nd6 47. h4 f6 48. h5 Nf7+ 0-1


[Site "https://www.chess.com"]

[Event "Titled Tuesday Blitz July 13 2021"]
[White "Gogolev, Artem"]
[Black "Bartel, Michal"]
[WhiteFideId "4116615"]
[BlackFideId "1119257"]
[WhiteElo "2191"]
[BlackElo "2271"]
[Result "1-0"]
[Round "03"]
[TimeControl "180+1"]
[Date "2021.07.13"]
[WhiteClock "0:00:21"]
[BlackClock "0:01:49"]

1. d4 Nf6 2. Nf3 c5 3. d5 e6 4. c4 exd5 5. cxd5 d6 6. Nc3 g6 7. g3 Bg7 8. Bg2 O-O 9. O-O Re8 10. Nd2 Nbd7 11. a4 a6 12. h3 Ne5 13. f4 Ned7 14. e4 Rb8 15. Nc4 Qc7 16. a5 b5 17. axb6 Nxb6 18. Na5 Bd7 19. Kh2 Bb5 20. Re1 Re7 21. e5 Nfd7 22. Nxb5 axb5 23. Nc6 Rbe8 24. Ra7 Qc8 25. Nxe7+ Rxe7 26. exd6 Rxe1 27. Qxe1 Bf8 28. Rc7 Qa8 29. Rc6 Qa1 30. Bd2 Qxb2 31. Bc3 Qc2 32. Rxb6 Nxb6 33. Qe5 f5 34. Qe6# 1-0


[Site "https://www.chess.com"]

[Event "Titled Tuesday Blitz July 13 2021"]
[White "Goltsev, Dmitry"]
[Black "Trent, Lawrence"]
[WhiteFideId "24176710"]
[BlackFideId "408638"]
[WhiteElo "2366"]
[BlackElo "2474"]
[Result "1-0"]
[Round "03"]
[TimeControl "180+1"]
[Date "2021.07.13"]
[WhiteClock "0:01:42"]
[BlackClock "0:01:27"]

1. e4 e6 2. d4 d5 3. exd5 exd5 4. Nf3 Bd6 5. c4 dxc4 6. Bxc4 Nf6 7. O-O O-O 8. Nc3 a6 9. Bg5 Nbd7 10. Re1 b5 11. Bd5 Rb8 12. Ne5 Bb7 13. Qb3 Bxd5 14. Nxd5 Bxe5 15. dxe5 Nc5 16. Qg3 Qxd5 17. Bxf6 g6 18. Rad1 Qc6 19. Qh4 Ne6 20. Re3 Qc2 21. Qxh7+ 1-0


[Site "https://www.chess.com"]

[Event "Titled Tuesday Blitz July 13 2021"]
[White "Golubev, Mikhail"]
[Black "Bersamina, Paulo"]
[WhiteFideId "14100983"]
[BlackFideId "5206995"]
[WhiteElo "2374"]
[BlackElo "2349"]
[Result "1-0"]
[Round "03"]
[TimeControl "180+1"]
[Date "2021.07.13"]
[WhiteClock "0:00:51"]
[BlackClock "0:00:42"]

1. e4 c5 2. Nf3 e6 3. d4 cxd4 4. Nxd4 Bc5 5. Nb5 Qb6 6. Be3 Bxe3 7. fxe3 d5 8. exd5 Nf6 9. Qd4 Qxd4 10. exd4 Nxd5 11. c4 Nb4 12. Nc7+ Kd8 13. Nxa8 Nc2+ 14. Kd2 Nxa1 15. Nc3 b6 16. Be2 Bb7 17. Bf3 Nc6 18. Nxb6 Nb3+ 19. axb3 axb6 20. Ra1 Kc8 21. Nb5 Rd8 22. Kc3 Kb8 23. c5 bxc5 24. dxc5 Ne5 25. Bxb7 Kxb7 26. Nd6+ Kc6 27. b4 f6 28. Kd4 Rxd6+ 29. cxd6 Nd7 30. Ra6+ Kb5 31. Ra7 Kc6 32. Rxd7 Kxd7 33. Kc5 e5 34. b5 e4 35. b6 1-0


[Site "https://www.chess.com"]

[Event "Titled Tuesday Blitz July 13 2021"]
[White "Grigoriants, Sergey"]
[Black "Toniutti, Ezio"]
[WhiteFideId "4130804"]
[BlackFideId "113034"]
[WhiteElo "2502"]
[BlackElo "2215"]
[Result "1/2-1/2"]
[Round "03"]
[TimeControl "180+1"]
[Date "2021.07.13"]
[WhiteClock "0:00:14"]
[BlackClock "0:00:05"]

1. e4 e5 2. Nf3 Nc6 3. Bb5 a6 4. Ba4 d6 5. c3 f5 6. exf5 Bxf5 7. d4 e4 8. Ng5 d5 9. f3 h6 10. fxe4 hxg5 11. exf5 Bd6 12. Qe2+ Kf8 13. Be3 Qf6 14. Nd2 Re8 15. O-O-O Nh6 16. Qd3 Ng4 17. Bg1 Bf4 18. Kb1 Ne3 19. Re1 Nxf5 20. Rxe8+ Kxe8 21. Bf2 Rxh2 22. Rxh2 Bxh2 23. Bxc6+ bxc6 24. Qxa6 Kd7 25. Nb3 Bd6 26. a4 Nh4 27. Qe2 Qf5+ 28. Ka2 Nxg2 29. a5 Nf4 30. Qf3 g4 31. Qh1 Nd3 32. Be3 Qf3 33. Qg1 Qe2 34. Nd2 g3 35. a6 Nf4 36. a7 Qa6+ 37. Kb1 Qd3+ 38. Ka2 Qa6+ 39. Kb1 Qd3+ 40. Ka2 Qa6+ 1/2-1/2


[Site "https://www.chess.com"]

[Event "Titled Tuesday Blitz July 13 2021"]
[White "Gusarov, Grigory"]
[Black "Zubov, Alexander"]
[WhiteFideId "24102172"]
[BlackFideId "14109409"]
[WhiteElo "2269"]
[BlackElo "2740"]
[Result "0-1"]
[Round "03"]
[TimeControl "180+1"]
[Date "2021.07.13"]
[WhiteClock "0:00:06"]
[BlackClock "0:00:26"]

1. c4 c5 2. Nf3 g6 3. g3 Bg7 4. Bg2 Nc6 5. O-O d6 6. Nc3 Bf5 7. d3 Qd7 8. Nd5 Rc8 9. Rb1 Bh3 10. Bd2 Bxg2 11. Kxg2 e6 12. Bc3 Ne5 13. Nxe5 dxe5 14. Ne3 Ne7 15. b4 cxb4 16. Bxb4 O-O 17. Qb3 Rfe8 18. Bxe7 Rxe7 19. Qb5 Qc7 20. a4 h5 21. a5 h4 22. a6 b6 23. Rb3 Qd6 24. Rfb1 Rc5 25. Qb4 Qc6+ 26. f3 f5 27. Rd1 Rd7 28. Rbb1 Bf6 29. Qe1 Rh7 30. Qf2 Ra5 31. g4 Rxa6 32. Rb5 Ra2 33. h3 Rd7 34. g5 Bxg5 35. Rxe5 Qd6 36. d4 Bf4 37. c5 Qe7 38. c6 Bxe5 39. cxd7 Bg3 40. d8=Q+ Qxd8 41. Qf1 Qg5 42. Nc4 b5 0-1


[Site "https://www.chess.com"]

[Event "Titled Tuesday Blitz July 13 2021"]
[White "Hebden, Mark L"]
[Black "Kukhmazov, Arsen"]
[WhiteFideId "400084"]
[BlackFideId "24108260"]
[WhiteElo "2457"]
[BlackElo "2453"]
[Result "0-1"]
[Round "03"]
[TimeControl "180+1"]
[Date "2021.07.13"]
[WhiteClock "0:00:39"]
[BlackClock "0:00:20"]

1. d4 d5 2. Nf3 Nf6 3. c4 c6 4. e3 Bg4 5. h3 Bh5 6. Nc3 e6 7. g4 Bg6 8. Ne5 Nbd7 9. Nxg6 hxg6 10. Bd2 Bb4 11. Bd3 Bxc3 12. Bxc3 Ne4 13. Bxe4 dxe4 14. Qc2 f5 15. O-O-O Qe7 16. Kb1 Nb6 17. b3 O-O-O 18. Rdg1 Rh7 19. gxf5 gxf5 20. Rg6 Kb8 21. Rhg1 Rg8 22. f3 exf3 23. Qh2+ Ka8 24. Qg3 Nd7 25. Qxf3 Nf6 26. d5 Ne4 27. Rxe6 Nxc3+ 28. Kc2 Qb4 29. Qxf5 Rhh8 30. dxc6 Nxa2 31. Qd5 Qc3+ 32. Kd1 Rd8 33. cxb7+ Kb8 34. Rd6 Qxb3+ 35. Ke2 Nc3+ 0-1


[Site "https://www.chess.com"]

[Event "Titled Tuesday Blitz July 13 2021"]
[White "Horton, Andrew P"]
[Black "Har-Zvi, Ronen"]
[WhiteFideId "424269"]
[BlackFideId "2801485"]
[WhiteElo "2401"]
[BlackElo "2523"]
[Result "0-1"]
[Round "03"]
[TimeControl "180+1"]
[Date "2021.07.13"]
[WhiteClock "0:00:23"]
[BlackClock "0:00:53"]

1. e4 c6 2. d4 d5 3. Nc3 dxe4 4. Nxe4 Bf5 5. Ng3 Bg6 6. Nh3 e6 7. Nf4 Bd6 8. h4 Qc7 9. Qf3 Bxc2 10. Ngh5 Bb4+ 11. Bd2 Qa5 12. Bc3 Nf6 13. Nxg7+ Ke7 14. Bc4 Be4 15. Qe3 Rg8 16. f3 Rxg7 17. fxe4 Ng4 18. Qf3 Nd7 19. Nh5 Bxc3+ 20. bxc3 Qxh5 21. O-O-O Qh6+ 22. Kb2 Qe3 23. Rhg1 Rag8 24. Qf1 Qf2+ 0-1


[Site "https://www.chess.com"]

[Event "Titled Tuesday Blitz July 13 2021"]
[White "Howell, David W L"]
[Black "Solon, Nathan"]
[WhiteFideId "410608"]
[BlackFideId "2017229"]
[WhiteElo "2643"]
[BlackElo "2646"]
[Result "1-0"]
[Round "03"]
[TimeControl "180+1"]
[Date "2021.07.13"]
[WhiteClock "0:00:07"]
[BlackClock "0:00:05"]

1. d4 Nf6 2. c4 e6 3. Nf3 d5 4. Nc3 dxc4 5. e3 a6 6. Bxc4 b5 7. Be2 Bb7 8. O-O Nbd7 9. b3 Bd6 10. Bb2 O-O 11. Rc1 c5 12. a4 b4 13. Nb1 Qb8 14. Nbd2 Rd8 15. Nc4 Bf8 16. Bd3 h6 17. Qe2 Ng4 18. Nfe5 Ngxe5 19. dxe5 Bd5 20. f4 Nb6 21. Na5 Ra7 22. Rfd1 Rad7 23. Bxa6 Qa8 24. e4 Bxe4 25. Rxd7 Rxd7 26. Bb5 Rd8 27. Nc4 Nxc4 28. Bxc4 Bxg2 29. Qxg2 Qxg2+ 30. Kxg2 Rd2+ 31. Kf3 Rxb2 32. Ra1 Rd2 33. a5 Rd7 34. a6 Ra7 35. Ra5 g5 36. fxg5 hxg5 37. Kg4 Bg7 38. Rxc5 Bf8 39. Rc8 Kg7 40. Kxg5 Be7+ 41. Kg4 f6 42. exf6+ Kxf6 43. Rc6 Kg7 44. Rxe6 Bf6 45. h4 Rd7 46. h5 Bc3 47. Kf5 Rd2 48. a7 Rf2+ 49. Kg4 Ra2 50. Rg6+ Kf8 51. Ra6 Rg2+ 52. Kh3 1-0


[Site "https://www.chess.com"]

[Event "Titled Tuesday Blitz July 13 2021"]
[White "Hryshchenko, Kamila"]
[Black "Daianu, Cristian-Clement"]
[WhiteFideId "14147491"]
[BlackFideId "1208926"]
[WhiteElo "1966"]
[BlackElo "2133"]
[Result "0-1"]
[Round "03"]
[TimeControl "180+1"]
[Date "2021.07.13"]
[WhiteClock "0:00:19"]
[BlackClock "0:01:14"]

1. e4 c5 2. Nf3 d6 3. Bb5+ Nd7 4. Bd3 Ngf6 5. c3 e6 6. O-O Qc7 7. Bc2 d5 8. exd5 Nxd5 9. d4 cxd4 10. cxd4 Be7 11. Nc3 Nxc3 12. bxc3 Qxc3 13. Be3 O-O 14. Rc1 Qa5 15. Qd3 Nf6 16. Ne5 Rd8 17. Bb1 Bd7 18. Bg5 Bb5 19. Qh3 Bxf1 20. Rxf1 Rxd4 21. Bxf6 Bxf6 22. Qxh7+ Kf8 23. Qh8+ Ke7 24. Qxa8 Bxe5 25. Qxb7+ Rd7 26. Qe4 Rd2 27. Qg4 Qd5 28. g3 Bd4 29. Be4 Qc5 30. Qf4 Rxa2 31. h4 a5 32. Rc1 Rxf2 33. Rxc5 Rxf4+ 34. Kg2 Rxe4 35. Rxa5 Re2+ 36. Kf3 Re3+ 37. Kg4 Be5 38. Kh5 Bxg3 39. Ra7+ Kf6 40. Kg4 Bd6 41. Kh5 g6+ 42. Kh6 Re4 43. Kh7 Rxh4+ 44. Kg8 g5 45. Rxf7+ Ke5 46. Rg7 g4 47. Kf7 Kd5 48. Rg5+ Be5 49. Rg6 g3 50. Rg8 Rf4+ 51. Ke7 Bd6+ 52. Kd7 Rf7+ 53. Ke8 Rf8+ 54. Rxf8 Bxf8 0-1


[Site "https://www.chess.com"]

[Event "Titled Tuesday Blitz July 13 2021"]
[White "Janaszak, Dawid"]
[Black "Srihari L R"]
[WhiteFideId "1119206"]
[BlackFideId "46617116"]
[WhiteElo "2332"]
[BlackElo "2121"]
[Result "0-1"]
[Round "03"]
[TimeControl "180+1"]
[Date "2021.07.13"]
[WhiteClock "0:00:07"]
[BlackClock "0:00:08"]

1. e4 c5 2. Nc3 a6 3. g4 b5 4. Bg2 Bb7 5. d3 e6 6. g5 h6 7. gxh6 Nxh6 8. Bf4 Nc6 9. Qd2 f6 10. Nge2 Nf7 11. h4 Bd6 12. O-O-O Qc7 13. Bxd6 Qxd6 14. f4 Rc8 15. Rdg1 Kf8 16. Kb1 Nd4 17. e5 Qb6 18. exf6 gxf6 19. Bxb7 Qxb7 20. Nxd4 cxd4 21. Ne4 Ke7 22. Rg7 Qd5 23. Rhg1 Rcf8 24. Qb4+ d6 25. f5 e5 26. R1g4 Rh5 27. a4 Rxf5 28. b3 Rf1+ 29. Kb2 f5 30. Rg3 fxe4 31. axb5 Qxb5 32. Qd2 e3 33. Qg2 Rf2 34. Qg1 Qc5 35. Qd1 Rc8 36. Rg2 Qxc2+ 37. Qxc2 Rcxc2+ 0-1


[Site "https://www.chess.com"]

[Event "Titled Tuesday Blitz July 13 2021"]
[White "Jarovinsky, Alexey"]
[Black "Najdin, Danil"]
[WhiteFideId "14115131"]
[BlackFideId "4172426"]
[WhiteElo "2446"]
[BlackElo "2193"]
[Result "1-0"]
[Round "03"]
[TimeControl "180+1"]
[Date "2021.07.13"]
[WhiteClock "0:00:24"]
[BlackClock "0:00:17"]

1. Nc3 Nf6 2. e4 e5 3. f4 d5 4. fxe5 Nxe4 5. Qf3 Nxc3 6. dxc3 Be6 7. Qg3 c5 8. Nf3 Nc6 9. Ng5 Bf5 10. Bd3 Bxd3 11. cxd3 Be7 12. Nf3 Qc7 13. Qxg7 O-O-O 14. O-O Rhg8 15. Qxf7 Nxe5 16. Qe6+ Qd7 17. Qxe5 Bd6 18. Qh5 Rde8 19. Bg5 Qf5 20. Rae1 Ref8 21. Qh4 Qxd3 22. Be7 Rxf3 23. Bxd6 Qd2 24. Bg3 Rxf1+ 25. Rxf1 Qxb2 26. Qxh7 Re8 27. Qf5+ Kd8 28. Qxd5+ 1-0


[Site "https://www.chess.com"]

[Event "Titled Tuesday Blitz July 13 2021"]
[White "Jodorcovsky Werjivker, Paulo"]
[Black "Piesik, Piotr"]
[WhiteFideId "3700305"]
[BlackFideId "1136194"]
[WhiteElo "2142"]
[BlackElo "2354"]
[Result "0-1"]
[Round "03"]
[TimeControl "180+1"]
[Date "2021.07.13"]
[WhiteClock "0:01:23"]
[BlackClock "0:01:56"]

1. e4 g6 2. d4 Bg7 3. Nc3 c6 4. Bg5 d5 5. exd5 cxd5 6. Nf3 Nc6 7. Bb5 Bg4 8. Be3 Qa5 9. Bxc6+ bxc6 10. Qd2 Bxf3 11. gxf3 e6 12. a3 Ne7 13. Bh6 O-O 14. Bxg7 Kxg7 15. h4 h5 16. Rg1 Nf5 17. Qf4 Qb6 18. O-O-O Rab8 19. b3 Qd8 20. Qe5+ Qf6 21. Rg5 Qxe5 22. dxe5 Nxh4 23. f4 c5 24. Rh1 Nf3 25. Rg3 Nd4 26. Rxh5 Rh8 27. Rxh8 Rxh8 28. Kb2 Rh4 29. Na4 Rxf4 30. Nxc5 Rxf2 31. Nd3 Rxc2+ 32. Kb1 Rc3 33. Ka2 Rxb3 34. a4 a5 35. Rh3 Rc3 36. Kb2 Rc4 37. Ka3 Nc6 38. Kb3 Re4 39. Nc5 Rb4+ 40. Ka3 Nxe5 41. Nb3 Nc4+ 42. Ka2 Rxa4+ 43. Kb1 Ra3 44. Kc2 a4 0-1


[Site "https://www.chess.com"]

[Event "Titled Tuesday Blitz July 13 2021"]
[White "Kaasen, Tor Fredrik"]
[Black "Derraugh, Geordie"]
[WhiteFideId "1516647"]
[BlackFideId "2603950"]
[WhiteElo "2349"]
[BlackElo "2132"]
[Result "1-0"]
[Round "03"]
[TimeControl "180+1"]
[Date "2021.07.13"]
[WhiteClock "0:00:19"]
[BlackClock "0:00:02"]

1. c4 Nf6 2. g3 e6 3. Bg2 d5 4. d4 Bb4+ 5. Nd2 O-O 6. Nf3 b6 7. O-O Bb7 8. Ne5 Nfd7 9. Qa4 Bxd2 10. Bxd2 Nxe5 11. dxe5 Bc6 12. Qc2 dxc4 13. e4 Nd7 14. Qxc4 Nxe5 15. Qc3 Bb5 16. Rfd1 Nc4 17. Bf4 Qe7 18. Bf1 e5 19. Bxc4 Bxc4 20. Bxe5 Ba6 21. Bxg7 Qxe4 22. Bxf8 Rxf8 23. Rd4 Qe6 24. Re1 Qf5 25. Rf4 Qh3 26. Qxc7 h6 27. Qe7 Bb5 28. Rh4 Qf5 29. Qe3 Bc6 30. Qxh6 1-0


[Site "https://www.chess.com"]

[Event "Titled Tuesday Blitz July 13 2021"]
[White "Khanin, Semen"]
[Black "Martinez Reyes, Pedro Ramon"]
[WhiteFideId "4111990"]
[BlackFideId "3901807"]
[WhiteElo "2521"]
[BlackElo "2398"]
[Result "1-0"]
[Round "03"]
[TimeControl "180+1"]
[Date "2021.07.13"]
[WhiteClock "0:00:46"]
[BlackClock "0:00:38"]

1. e4 e6 2. d4 d5 3. e5 c5 4. c3 Qb6 5. Nf3 Bd7 6. Bd3 Bb5 7. dxc5 Bxc5 8. Bxb5+ Qxb5 9. b4 Bf8 10. Na3 Qc6 11. Qd3 Nd7 12. Nb5 a6 13. Nbd4 Qc7 14. O-O Ne7 15. Bf4 Nc6 16. Rfe1 Be7 17. h4 h6 18. h5 Rc8 19. Rac1 Nb6 20. Nd2 Qd7 21. Qg3 Bf8 22. N2b3 Nxd4 23. cxd4 Nc4 24. Nc5 Qe7 25. Rxc4 dxc4 26. d5 Rxc5 27. bxc5 Qxc5 28. dxe6 fxe6 29. Qg6+ Ke7 30. Rd1 c3 31. Be3 Qc4 32. Bb6 Qc8 33. Rd6 c2 34. Bd8+ Qxd8 35. Qxe6# 1-0


[Site "https://www.chess.com"]

[Event "Titled Tuesday Blitz July 13 2021"]
[White "Khusnutdinov, Rustam"]
[Black "Borisova, Ekaterina"]
[WhiteFideId "13701703"]
[BlackFideId "34124184"]
[WhiteElo "2571"]
[BlackElo "2021"]
[Result "1-0"]
[Round "03"]
[TimeControl "180+1"]
[Date "2021.07.13"]
[WhiteClock "0:01:17"]
[BlackClock "0:01:17"]

1. d4 Nf6 2. c4 e6 3. Nc3 Bb4 4. g3 c5 5. Nf3 cxd4 6. Nxd4 O-O 7. Bg2 d5 8. O-O Bxc3 9. bxc3 dxc4 10. Ba3 Re8 11. Nb5 Nc6 12. Nd6 Bd7 13. Rb1 b6 14. Nxe8 Qxe8 15. Qd6 Rc8 16. Rfd1 Na5 17. Qe7 Qxe7 18. Bxe7 Ba4 19. Rd8+ Rxd8 20. Bxd8 Nd5 21. Rc1 Nb7 22. Bg5 Bc6 23. e4 Nf6 24. Bxf6 gxf6 25. f3 Nc5 26. Bf1 Na4 27. Bxc4 1-0


[Site "https://www.chess.com"]